 Dungeon Crawl Stone Soup version 0.18-a0-1805-g8ab820f (webtiles) character file.

1378 Denapoli the Cleaver (level 8, 0/74 HPs)
             Began as a Minotaur Fighter on Apr 25, 2016.
             Slain by Sar's ghost (12 damage)
             ... on level 5 of the Dungeon.
             The game lasted 00:06:22 (3198 turns).

Denapoli the Cleaver (Minotaur Fighter)             Turns: 3198, Time: 00:06:24

Health: 0/74       AC:  8    Str: 23    XL:     8   Next: 39%
Magic:  7/7        EV:  9    Int:  5    God:
Gold:   264        SH:  0    Dex: 10    Spells: 0 memorised, 7 levels left

rFire  . . .     SeeInvis .     C - +0 triple sword
rCold  . . .     Gourm    +     b - +0 scale mail
rNeg   . . .     Faith    .     (shield currently unavailable)
rPois  .         Spirit   .     (helmet restricted)
rElec  .         Dismiss  .     (no cloak)
rCorr  .         Reflect  .     (no gloves)
SustAt .         Harm     .     o - +0 pair of boots
MR     .....                    p - amulet of the gourmand
Stlth  ..........               (no ring)
                                (no ring)

@: not resistant to hostile enchantments, extremely unstealthy
A: retaliatory headbutt, horns 2
a: no special abilities


You were on level 5 of the Dungeon.
You were very full.

You visited 1 branch of the dungeon, and saw 5 of its levels.
You also visited: Ossuary.

You collected 264 gold pieces.

Inventory:

Hand Weapons
 C - a +0 triple sword (weapon)
Armour
 b - a +0 scale mail (worn)
 i - a +2 large shield of protection
 o - a +0 pair of boots (worn)
Jewellery
 p - an amulet of the gourmand (around neck)
Scrolls
 g - 2 scrolls of enchant weapon {unknown}
 j - 2 scrolls of fear {unknown}
 m - a scroll of random uselessness {unknown}
 n - a scroll of noise {unknown}
 r - 2 scrolls of teleportation {unknown}
 s - a scroll of fog {unknown}
 t - 2 scrolls of identify {unknown}
 u - a scroll of amnesia {unknown}
 v - a scroll of remove curse {unknown}
 w - 2 scrolls of magic mapping {unknown}
 y - a scroll of enchant armour {unknown}
Potions
 a - a potion of cure mutation {unknown}
 c - 2 potions of resistance {unknown}
 d - a potion of lignification {unknown}
 e - 2 potions of curing {unknown}
 k - 4 potions of heal wounds
 l - a potion of agility {unknown}
 z - a potion of flight {unknown}
 A - 3 potions of berserk rage {unknown}
 B - 2 potions of beneficial mutation {unknown}
Books
 x - Sif Muna's Handbook of Shape Shifting
   (You found it on level 4 of the Dungeon)

   Spells                             Type                      Level
   a - Beastly Appendage              Transmutation                1
Comestibles
 f - 3 bread rations
 h - 3 meat rations
 q - a beef jerky


   Skills:
 - Level 7.6 Fighting
 * Level 3.9 Long Blades
   Level 8.8 Axes
 - Level 5.6 Armour
 - Level 3.6 Shields


You had 7 spell levels left.
You didn't know any spells.

Dungeon Overview and Level Annotations

Branches:
Dungeon (5/15)
 Temple: D:4-7

Altars:
Elyvilon
Kikubaaqudgha
Nemelex Xobeh
Sif Muna
Trog
Vehumet

Annotations:
D:5 Sar's ghost, novice FoFi


Innate Abilities, Weirdness & Mutations

You reflexively headbutt those who attack you in melee.
You have a pair of horns on your head.


Message History

You miss the crimson imp. Your headbutt misses the crimson imp.
The crimson imp is heavily wounded.
The crimson imp blinks!
The crimson imp hits you but does no damage.
Sar's ghost hits you!
The crimson imp shouts, "Quit, thou skyhacking dizzy-eyed gnoll-tail!"
The crimson imp hits you but does no damage.
You slash Sar's ghost! Your headbutt misses Sar's ghost.
Sar's ghost is heavily damaged.
Sar's ghost hits you!
* * * LOW HITPOINT WARNING * * *
The crimson imp blinks!
Sar's ghost hits you.
* * * LOW HITPOINT WARNING * * *
You slash Sar's ghost!
Sar's ghost is severely damaged.
Sar's ghost screams, "You will join me soon!"
Sar's ghost hits you.
* * * LOW HITPOINT WARNING * * *
Sar's ghost hits you!
You die...

#......................##..
###....#.################..
######.# ##. #.# #. #.# #.
#.# #. #.# #######.
##.######... ........
#.†W@§..5... ..######
#)########## #..# ##..#
..5# ....# .....# .......
.......


You could see Sar's ghost and a crimson imp.

Vanquished Creatures
  The ghost of barb4r1an the Conjurer, an amateur DrCj of Vehumet (Ossuary)
  Sigmund (D:3)
  Menkaure (D:4)
  A sky beast (D:5)
  An ogre (D:5)
  A phantom (D:3)
  A centaur (D:5)
  2 water moccasin zombies (Ossuary)
  2 scorpions
  An orc priest (D:4)
  An orc wizard (D:4)
  A worker ant (D:5)
  A killer bee zombie (D:5)
  A big kobold zombie (Ossuary)
  3 mummies
  4 gnolls (D:2)
  6 adders
  5 adder zombies (Ossuary)
  3 worms
  A dart slug (D:2)
  4 giant geckos
  5 orcs
  3 bats (D:2)
  A giant cockroach (D:3)
  A gnoll zombie (Ossuary)
  2 hobgoblins
  3 jackals (D:1)
  5 kobolds
  3 quokkas
  A giant cockroach zombie (D:5)
  2 giant newts
  2 goblin zombies (D:5)
  8 hobgoblin zombies (Ossuary)
  A jackal skeleton (D:5)
  8 kobold zombies (Ossuary)
  5 orc zombies (Ossuary)
  A quokka skeleton (D:4)
  25 rats
118 creatures vanquished.

Notes
Turn   | Place    | Note
--------------------------------------------------------------
     0 | D:1      | Denapoli the Minotaur Fighter began the quest for the Orb.
     0 | D:1      | Reached XP level 1. HP: 19/19 MP: 0/0
   167 | D:2      | Reached XP level 2. HP: 27/27 MP: 1/1
   228 | D:2      | Reached skill level 3 in Axes
   229 | D:2      | Found a bloodstained altar of Trog.
   344 | D:2      | Reached XP level 3. HP: 33/33 MP: 2/2
   535 | D:2      | Reached skill level 4 in Axes
   546 | D:2      | Reached XP level 4. HP: 7/41 MP: 3/3
  1108 | D:3      | Found a faded altar to an unknown god.
  1317 | D:3      | Noticed Sigmund
  1324 | D:3      | Killed Sigmund
  1324 | D:3      | Reached skill level 5 in Fighting
  1324 | D:3      | Reached skill level 6 in Axes
  1324 | D:3      | Reached XP level 5. HP: 47/49 MP: 4/4
  1405 | D:3      | Reached XP level 6. HP: 51/57 MP: 5/5
  1602 | D:3      | Reached skill level 7 in Axes
  1783 | D:3      | Found a white marble altar of Elyvilon.
  2041 | D:4      | Noticed Menkaure
  2057 | D:4      | Killed Menkaure
  2057 | D:4      | Reached XP level 7. HP: 34/64 MP: 6/6
  2354 | D:4      | Found a sparkling altar of Nemelex Xobeh.
  2378 | D:4      | Reached skill level 8 in Axes
  2512 | D:4      | Found an ancient bone altar of Kikubaaqudgha.
  2514 | D:4      | Found a deep blue altar of Sif Muna.
  2516 | D:4      | Found a radiant altar of Vehumet.
  2521 | D:4      | Identified Sif Muna's Handbook of Shape Shifting
  2776 | D:5      | Entered Level 5 of the Dungeon
  2838 | D:5      | Found a sand-covered staircase.
  2846 | Ossuary  | Entered an ossuary
  2893 | Ossuary  | Noticed barb4r1an's ghost (amateur DrCj)
  2902 | Ossuary  | Killed barb4r1an's ghost
  2902 | Ossuary  | Reached skill level 5 in Armour
  2902 | Ossuary  | Reached XP level 8. HP: 69/73 MP: 7/7
  3100 | D:5      | Reached skill level 1 in Long Blades
  3173 | D:5      | Noticed Sar's ghost (novice FoFi)
  3198 | D:5      | Slain by Sar's ghost

Vault maps used:
D:1:      minmay_arrival_up_and_down
D:2:      marbit_many_paths, first_bread
D:3:      forest_paths, lemuel_round_altar, ecumenical_altar_2, uniq_sigmund
D:4:      grunt_temple_overflow_magic_moments, kennysheep_mini_moat,
          minmay_rat_hole, uniq_menkaure
D:5:      lemuel_coloured_pillars_altar, grunt_pakellas_basics,
          nicolae_ossuary_entry_giza, minivault_24
Ossuary:  ossuary_tomb_2

Skill      XL: |  1  2  3  4  5  6  7  8 |
---------------+-------------------------+-----
Fighting       | 4 5 6 7 |  7.6
Axes           | 3 4 6 7 8 |  8.8
Armour         | 5 |  5.6
Long Blades    | 3 |  3.9
Shields        | |  3.6

Action                   |  1- 3 |  4- 6 |  7- 9 || total
-------------------------+-------+-------+-------++-------
Melee: War axe           |    49 |    94 |   131 ||   274
       Headbutt          |     9 |    15 |    28 ||    52
       Triple sword      |       |       |    30 ||    30
  Use: Potion            |       |     1 |     2 ||     3
  Eat: Chunk             |       |     2 |     7 ||     9
       Meat ration       |       |     1 |       ||     1
       Beef jerky        |       |     1 |       ||     1
Armor: Scale mail        |    20 |    26 |    54 ||   100
Dodge: Dodged            |    17 |     8 |    44 ||    69
Block: Large shield      |    43 |    80 |    78 ||   201
       Shield            |     4 |       |       ||     4
